 Dungeon Crawl Stone Soup version 0.25-a0-167-g836c352ace (webtiles) character file.

Game seed: 11664788805268142900, levelgen mode: deterministic

19 Leeroy the Stinger (level 2, 0/20 HPs)
             Began as a Draconian Venom Mage on Nov 25, 2019.
             Slain by a bat (1 damage)
             ... on level 2 of the Dungeon.
             The game lasted 00:02:16 (459 turns).

Leeroy the Stinger (Draconian Venom Mage)            Turns: 459, Time: 00:02:17

Health: 0/20       AC:  4    Str: 10    XL:     2   Next: 55%
Magic:  1/5        EV: 12    Int: 15    God:
Gold:   48         SH:  0    Dex: 11    Spells: 2/5 levels left

rFire    . . .     SeeInvis .   (no weapon)
rCold    . . .     Gourm    .   (no shield)
rNeg     . . .     Faith    .   (armour unavailable)
rPois    .         Spirit   .   (helmet restricted)
rElec    .         Reflect  .   (no cloak)
rCorr    .         Harm     .   (no gloves)
MR       .....                  (no boots)
Stlth    ++........             (no amulet)
HPRegen  0.06/turn              (no ring)
MPRegen  0.09/turn              (no ring)

@: no status effects
A: unfitting armour, cold-blooded, AC +4
a: no special abilities


You were on level 2 of the Dungeon.
You were not hungry.

You visited 1 branch of the dungeon, and saw 2 of its levels.

You collected 48 gold pieces.

Inventory:

Scrolls
 a - a scroll of fear {unknown}
 e - 2 scrolls of identify {unknown}
 f - a scroll of immolation {unknown}
Potions
 d - a potion of ambrosia {unknown}
 g - a potion of degeneration {unknown}
 h - a potion of flight {unknown}
Comestibles
 b - 3 rations
 c - 2 chunks of flesh


   Skills:
 - Level 1.7 Dodging
 - Level 1.7 Stealth
 - Level 2.0 Spellcasting
 * Level 2.6 Conjurations
 - Level 3.0 Poison Magic


You had 2 spell levels left.
You knew the following spells:

 Your Spells              Type           Power        Failure   Level  Hunger
a - Sting                 Conj/Pois      #...         7%          1    #......
b - Poisonous Vapours     Pois/Air       #.....       19%         2    ###....

Your spell library contained the following spells:

 Spells                   Type           Power        Failure   Level  Hunger
 Mephitic Cloud           Conj/Pois/Air  #.......     30%         3    ###....
 Olgreb's Toxic Radiance  Pois           ##......     54%         4    #####..
 Venom Bolt               Conj/Pois      #.........   89%         5    ######.


Dungeon Overview and Level Annotations

Branches:
Dungeon (2/15)

Altars:


Innate Abilities, Weirdness & Mutations

Your plain brown scales are hard. (AC +4)
You cannot fit into any form of body armour.
You are cold-blooded and may be slowed by cold attacks.


Message History

You closely miss the hobgoblin.
Your tail-slap misses the hobgoblin.
The adder closely misses you.
The hobgoblin hits you but does no damage.
You hit the hobgoblin but do no damage. The adder bites you.
* * * LOW HITPOINT WARNING * * *
The adder bites you but does no damage. The hobgoblin misses you.
You barely miss the hobgoblin.
A bat comes into view.
The adder bites you but does no damage.
The bat moves out of view.
A bat comes into view.
A giant cockroach comes into view.
The bat hits you but does no damage. The bat barely misses you.
The bat closely misses you. The bat hits you but does no damage. x2
The bat closely misses you. x2
The bat barely misses you. The bat closely misses you.
The bat hits you but does no damage. The bat hits you.
* * * LOW HITPOINT WARNING * * *
The bat barely misses you. The bat hits you.
You die...

#.....###.......##.....#
#.....###.......##.....####.
#.....#.'.......+..<........
#.....#.#.......####.#######
#######.....................
##############.#######
#s#.#.g.#.#.#........
##.#..#bb#.##<......# #####
#.#..###.@# #.#####.#
....#####..## ##..##.#
.......#..## ##..#.#
....##...## ..#.#
....####..## #..#.# ..)##
##..## #..##.# .###
#.#..###..#.#.. ..
##.#..#†.# # .. #.#.#(..#


You could see a hobgoblin and 2 bats.

Vanquished Creatures
  An ooze (D:1)
  4 bats
  A hobgoblin (D:2)
  3 jackals (D:2)
  2 kobolds
  2 frilled lizards (D:2)
  A rat (D:2)
14 creatures vanquished.

Notes
Turn   | Place    | Note
-------+----------+-------------------------------------------
     0 | D:1      | Leeroy the Draconian Venom Mage began the quest for the
                  | Orb.
     0 | D:1      | Reached XP level 1. HP: 14/14 MP: 3/3
   171 | D:1      | Reached XP level 2. HP: 15/20 MP: 1/5
   326 | D:2      | Learned a level 2 spell: Poisonous Vapours
   445 | D:2      | HP: 1/20 [adder (2)]
   458 | D:2      | HP: 1/20 [bat (1)]
   459 | D:2      | Slain by a bat

Levels and vault maps discovered:
D:1:      ncdulo_halloftheorcs, layout_loops_corners, hangedman_decor_opposing,
          minmay_misc_feat_more_columns, chequers_serial_rivers_room_a,
          kennysheep_flooded_box, chequers_serial_rivers_micro_e,
          minmay_tromino_v4_a
D:2:      minmay_diamond_boxcup, layout_basic, old_standard_altar, first_ration,
          supply_closet_lemuel, uniq_jessica

Skill      XL: |  1 |
---------------+----+-----
Conjurations   | 2 |  2.6
Dodging        | |  1.7
Stealth        | |  1.7
Spellcasting   | |  2.0
Poison Magic   | |  3.0

Action                   || total
-------------------------++-------
Melee: Unarmed           ||    49
       Tailslap          ||     6
 Cast: Sting             ||    15
 Stab: Sleeping          ||     2
Armor: Skin              ||    23
Dodge: Dodged            ||    63

Table legend:
 A = Non-vault XP
 B = Vault XP
 C = Vault XP percentage of total XP
 D = Non-vault monster count
 E = Vault monster count
 F = Vault count percentage of total count
                 A         B        C        D         E       F
            +---------+---------+-------+---------+---------+-------
      Total |      25 |       3 |  10.7 |      12 |       2 |  14.3
            +---------+---------+-------+---------+---------+-------
        D:1 |      12 |       0 |   0.0 |       4 |       0 |   0.0
        D:2 |      13 |       3 |  18.8 |       8 |       2 |  20.0
            +---------+---------+-------+---------+---------+-------
